 Dungeon Crawl Stone Soup version 0.18.1-6-gd335043 (webtiles) character file.

17 Jerry the Magician (level 2, 11/19 HPs)
             Began as a Mummy Wizard on May 19, 2016.
             Quit the game on level 1 of the Dungeon.
             The game lasted 00:04:23 (504 turns).

Jerry the Magician (Mummy Wizard)                    Turns: 504, Time: 00:04:23

Health: 11/19      AC:  2    Str: 10    XL:     2   Next: 44%
Magic:  6/6        EV: 12    Int: 17    God:
Gold:   31         SH:  0    Dex: 10    Spells: 2 memorised, 4 levels left

rFire  x . .     SeeInvis .     e - +0 short sword
rCold  + . .     Gourm    .     a - +0 robe
rNeg   + + +     Faith    .     (no shield)
rPois  ∞         Spirit   .     b - +0 hat
rElec  .         Dismiss  .     (no cloak)
rCorr  .         Reflect  .     (no gloves)
SustAt .         Harm     .     (no boots)
MR     .....                    (no amulet)
Stlth  ++........               (no ring)
                                (no ring)

@: not resistant to hostile enchantments, unstealthy
A: no food or potions, fire vulnerability, cold resistance 1, negative energy
resistance 3, torment resistance, unbreathing
a: no special abilities


You were on level 1 of the Dungeon.
You were not hungry.

You visited 1 branch of the dungeon, and saw 1 of its levels.

You collected 31 gold pieces.

Inventory:

Hand Weapons
 e - a +0 short sword (weapon)
Armour
 a - a +0 robe (worn)
 b - a +0 hat (worn)
Scrolls
 d - a scroll of fear {unknown}
 f - a scroll of blinking {unknown}
 g - a scroll of identify {unknown}
 h - a scroll of magic mapping {unknown}
 i - a scroll of teleportation {unknown}
Books
 c - a book of Minor Magic

   Spells                             Type                      Level
   a - Magic Dart                     Conjuration                  1
   b - Blink                          Translocation                2
   c - Call Imp                       Summoning                    2
   d - Repel Missiles                 Charms/Air                   2
   e - Slow                           Hexes                        2
   f - Conjure Flame                  Conjuration/Fire             3
   g - Mephitic Cloud                 Conjuration/Poison/Air       3


   Skills:
 - Level 1.5 Dodging
 - Level 1.5 Stealth
 - Level 3.4 Spellcasting
 + Level 1.3 Conjurations
 - Level 0.7 Summonings
   Level 0.7 Translocations


You had 4 spell levels left.
You knew the following spells:

 Your Spells              Type           Power        Failure   Level  Hunger
a - Magic Dart            Conj           #...         12%         1    N/A
b - Call Imp              Summ           #.......     21%         2    N/A

Dungeon Overview and Level Annotations

Branches:
Dungeon (1/15)

Altars:


Innate Abilities, Weirdness & Mutations

You do not eat or drink.
Your flesh is vulnerable to fire.
You are immune to poison.
Your flesh is cold resistant.
You are immune to negative energy.
You are immune to unholy pain and torment.
You can survive without breathing.


Message History

Your crimson imp blinks!
You see here 9 gold pieces.
What do you say? t - Shout!
Orders for allies: a - Attack new target. r - Retreat! s - Stop attacking. w - Wait here. f - Follow me.
Anything else - Stay silent.
Gang up on whom?
Press: ? - help, Dir - move target cursor, f - dart slug
Aim: a dart slug (clinging) Attack!
The dart slug barely misses you.
You hit the dart slug.
The dart slug is severely wounded.
You hit the dart slug but do no damage.
The dart slug is severely wounded.
The dart slug barely misses you.
You hit the dart slug.
You kill the dart slug!
Are you sure you want to abandon this character and quit the game? (Confirm with "yes".)

#.........#######........
#.........(..............
#.....###########.)......
#.........>..............
#......#.#.#########.####
###+##.#.# ........)...
#.#.# ########.### #†#.#
##...# #..##
#†#@##.##...# ##.## #
#..5.#.##...# #)##
#.####....##...# #..#
#....#..####.†.# ##.#
#.....#####...### #.#
#....)†.5...(...# #..
#....###...)....# ##.
#.... #........#####.
#.... #.#....###.....


You could see a friendly crimson imp.

Vanquished Creatures
  A dart slug (D:1)
  A bat (D:1)
  A goblin (D:1)
  A hobgoblin (D:1)
  A ball python (D:1)
  2 giant newts (D:1)
  4 kobolds (D:1)
  5 rats (D:1)
16 creatures vanquished.

Vanquished Creatures (collateral kills)
  A bat (D:1)
  A goblin (D:1)
  2 kobolds (D:1)
4 creatures vanquished.

Grand Total: 20 creatures vanquished

Notes
Turn   | Place    | Note
--------------------------------------------------------------
     0 | D:1      | Jerry the Mummy Wizard began the quest for the Orb.
     0 | D:1      | Reached XP level 1. HP: 13/13 MP: 4/4
   333 | D:1      | Reached XP level 2. HP: 19/19 MP: 6/6
   337 | D:1      | Learned a level 2 spell: Call Imp
   374 | D:1      | Reached skill level 1 in Conjurations
   504 | D:1      | Quit the game

Skill      XL: |  1  2 |
---------------+-------+-----
Conjurations   | 1 |  1.3
Dodging        | |  1.5
Stealth        | |  1.5
Spellcasting   | |  3.4
Summonings     | |  0.7
Translocations | |  0.7

Action                   || total
-------------------------++-------
Melee: Short sword       ||    44
 Cast: Magic Dart        ||     9
       Call Imp          ||     3
 Stab: Sleeping          ||     1
Armor: Robe              ||    20
Dodge: Dodged            ||    65
